 Dungeon Crawl Stone Soup version 0.29.0-4-gdea44cf6ec (webtiles) character file.

Game seed: 7631941811728458953

189 qw the Chopper (level 5, 0/30 HPs)
             Began as a Tengu Warper on Aug 28, 2022.
             Slain by a gnoll
             ... wielding a +0 halberd
              (9 damage)
             ... on level 4 of the Dungeon.
             The game lasted 00:00:19 (3612 turns).

qw the Chopper (Tengu Warper)                       Turns: 3612, Time: 00:00:20

Health: 0/30       AC: 12    Str: 13    XL:     5   Next: 68%
Magic:  9/9        EV:  7    Int: 13    God:
Gold:   139        SH:  5    Dex: 20    Spells: 8/8 levels left

rFire   . . .      SeeInvis .   Y - +1 hand axe
rCold   . . .      Faith    .   l - +0 buckler
rNeg    . . .      Spirit   .   c - +0 chain mail
rPois   .          Reflect  .   (helmet restricted)
rElec   .          Harm     .   (no cloak)
rCorr   .          Rampage  .   (no gloves)
Will    .....                   (boots unavailable)
Stlth   ..........              (no amulet)
HPRegen 0.10/turn               d - +4 ring of protection
MPRegen 0.11/turn               k - +6 ring of dexterity

@: flying quickly and evasively, quick
A: beak, talons 3, nimble flight
a: no special abilities


You were on level 4 of the Dungeon.
You visited 1 branch of the dungeon, and saw 4 of its levels.

You collected 139 gold pieces.


Innate Abilities, Weirdness & Mutations

You have a beak for a mouth.
You have claws for feet.
Your magical nature lets you fly swiftly and evasively.


   Skills:
 - Level 2.0 Fighting
 - Level 6.0 Axes
 - Level 1.0 Throwing
 + Level 1.1 Armour
 - Level 2.1 Dodging
 - Level 1.4 Shields
 - Level 2.0 Spellcasting
 - Level 2.4 Translocations


You had 8 spell levels left.
You didn't know any spells.
Your spell library contained the following spells:

 Spells                   Type           Power      Damage    Failure   Level
 Blink                    Tloc           14%        N/A       100%        2
 Gell's Gravitas          Tloc           7%         N/A       100%        3
 Lesser Beckoning         Tloc           7%         N/A       100%        3
 Teleport Other           Tloc           7%         N/A       100%        3
 Manifold Assault         Tloc           7%         N/A       100%        5

Inventory:

Hand Weapons
 e - a +0 whip
 Y - a +1 hand axe (weapon)
Armour
 c - a +0 chain mail (worn)
 l - a +0 buckler (worn)
Jewellery
 d - a +4 ring of protection (left hand)
 k - a +6 ring of dexterity (right hand)
Scrolls
 a - a scroll of identify
 j - a scroll of teleportation
Potions
 f - 2 potions of haste
 g - a potion of curing

Dungeon Overview and Level Annotations

Branches:
Dungeon (4/15)
 Temple: D:4-7

Altars:
Ru
Sif Muna


Message History

A giant cockroach comes into view.
The gnoll hits you with a +0 halberd.
You hit the gnoll. You claw the gnoll. You peck the gnoll, but do no damage.
The gnoll is lightly wounded.
The gnoll hits you with a +0 halberd!
You hit the gnoll. Your kick misses the gnoll.
The gnoll is moderately wounded.
The gnoll barely misses you.
You hit the gnoll. Your peck misses the gnoll.
The gnoll is severely wounded.
The gnoll closely misses you.
You barely miss the gnoll. Your kick misses the gnoll.
The gnoll is heavily wounded.
The gnoll hits you with a +0 halberd.
You hit the gnoll.
You kill the gnoll!
You barely miss the giant cockroach. You claw the giant cockroach.
You kill the giant cockroach!
Your Axes skill increases to level 6!
You start resting.
A gnoll comes into view. It is wielding a +0 halberd.
3476 ||| FLEEEEING.
You start resting.
HP restored.
Things that are here:
a +0 short sword; a stone; a kobold skeleton
Things that are here:
a +0 halberd; a gnoll skeleton The gnoll shouts!
The gnoll hits you with a +0 halberd!
You hit the gnoll.
The gnoll is lightly wounded.
The gnoll hits you with a +0 halberd!
You barely miss the gnoll. You claw the gnoll.
The gnoll is heavily wounded.
The gnoll hits you but does no damage.
You hit the gnoll. Your peck misses the gnoll.
The gnoll is severely wounded.
The gnoll hits you with a +0 halberd!
You die...

# ## ####. .
.....##.
.......######
#....).# #@#.##.#
#g#.##)####### #
#...##.......#
.....####.#####.#
......####.# #.#
.g.....)...# #.#
.#...####### #.#
##.# #.# #. #.#


You could see a gnoll.

Vanquished Creatures
  2 hounds (D:4)
  An orc wizard (D:3)
  2 gnolls (D:4)
  2 adders
  A dart slug (D:1)
  2 orcs (D:3)
  7 ball pythons
  6 bats
  4 endoplasms
  5 giant cockroaches
  7 goblins
  5 hobgoblins
  2 quokkas
  2 frilled lizards
  6 kobolds
  3 rats
57 creatures vanquished.

Vanquished Creatures (others)
  2 fungi (D:4)
  A plant (D:1)
3 creatures vanquished.

Grand Total: 60 creatures vanquished

Notes
Turn   | Place    | Note
-------+----------+-------------------------------------------
     0 | D:1      | qw the Tengu Warper began the quest for the Orb.
     0 | D:1      | Reached XP level 1. HP: 12/12 MP: 4/4
     0 | D:1      | 0 ||| qw: Version: 0.1-a-89-g26bdef1
     0 | D:1      | 0 ||| qw: Game counter: 1454
     0 | D:1      | 0 ||| qw: Always use a shield: true
     0 | D:1      | 0 ||| qw: God list: Okawaru
     0 | D:1      | 0 ||| qw: Allow faded altars: false
     0 | D:1      | 0 ||| qw: Do Orc after D:15 true
     0 | D:1      | 0 ||| qw: Do second Lair branch before Depths: true
     0 | D:1      | 0 ||| qw: Lair rune preference: random
     0 | D:1      | 0 ||| qw: Plans: Normal
     0 | D:1      | 0 ||| PLANNING D:1-11
    79 | D:1      | 79 ||| Stepping ~*~*~tactically~*~*~ (hiding).
   186 | D:1      | Reached skill level 3 in Axes
   186 | D:1      | Reached XP level 2. HP: 17/17 MP: 6/6
  1028 | D:1      | 1028 ||| UPGRADING to +2 robe of willpower.
  1038 | D:1      | 1038 ||| DROPPING +0 leather armour.
  1039 | D:1      | 1039 ||| UPGRADING to +0 ring mail.
  1049 | D:1      | 1049 ||| DROPPING +2 robe of willpower.
  1050 | D:1      | 1050 ||| UPGRADING to +4 ring of protection.
  1051 | D:1      | 1051 ||| READING scroll labelled CUIXTE OT NETAUW.
  1052 | D:1      | 1052 ||| READING scroll labelled ZUCOMUS RUTA.
  1053 | D:1      | 1053 ||| READING scroll labelled BEXOHU WEUTIE.
  1054 | D:1      | 1054 ||| READING scroll labelled INAH EPIPEBIRE.
  1058 | D:1      | 1058 ||| DROPPING scroll of blinking.
  1139 | D:2      | Reached XP level 3. HP: 21/21 MP: 7/7
  1139 | D:2      | Found a faded altar of an unknown god.
  1170 | D:2      | Reached skill level 4 in Axes
  1272 | D:2      | 1272 ||| Stepping ~*~*~tactically~*~*~ (stealth).
  1273 | D:2      | 1273 ||| Stepping ~*~*~tactically~*~*~ (stealth).
  1274 | D:2      | 1274 ||| Stepping ~*~*~tactically~*~*~ (stealth).
  1338 | D:2      | 1338 ||| Stepping ~*~*~tactically~*~*~ (stealth).
  1662 | D:2      | 1662 ||| READING 3 scrolls labelled ZAXUS FIDUEMN.
  1663 | D:2      | 1663 ||| READING scroll labelled GAFURPH KITIT.
  1783 | D:2      | 1783 ||| READING scroll labelled QEF MEN CEWIJ.
  1784 | D:2      | 1784 ||| DRINKING 2 metallic puce potions.
  1785 | D:2      | 1785 ||| READING 2 scrolls of identify.
  1785 | D:2      | 1785 ||| IDENTIFYING purple potion
  1786 | D:2      | 1786 ||| DROPPING potion of attraction.
  1897 | D:3      | Reached XP level 4. HP: 26/26 MP: 8/8
  1911 | D:3      | Found a shimmering blue altar of Sif Muna.
  2014 | D:3      | 2014 ||| Stepping ~*~*~tactically~*~*~ (stealth).
  2231 | D:3      | 2231 ||| Stepping ~*~*~tactically~*~*~ (stealth).
  2234 | D:3      | 2234 ||| Stepping ~*~*~tactically~*~*~ (stealth).
  2235 | D:3      | 2235 ||| Stepping ~*~*~tactically~*~*~ (stealth).
  2236 | D:3      | 2236 ||| Stepping ~*~*~tactically~*~*~ (stealth).
  2237 | D:3      | 2237 ||| Stepping ~*~*~tactically~*~*~ (stealth).
  2495 | D:3      | Found a sacrificial altar of Ru.
  2498 | D:3      | 2498 ||| Stepping ~*~*~tactically~*~*~ (stealth).
  2509 | D:3      | 2509 ||| FLEEEEING.
  2510 | D:3      | 2510 ||| FLEEEEING.
  2511 | D:3      | 2511 ||| FLEEEEING.
  2513 | D:3      | 2513 ||| FLEEEEING.
  2514 | D:3      | 2514 ||| FLEEEEING.
  2515 | D:3      | 2515 ||| FLEEEEING.
  2516 | D:3      | 2516 ||| FLEEEEING.
  2517 | D:3      | 2517 ||| FLEEEEING.
  2518 | D:3      | 2518 ||| FLEEEEING.
  2519 | D:3      | 2519 ||| FLEEEEING.
  2520 | D:3      | 2520 ||| FLEEEEING.
  2590 | D:3      | 2590 ||| FLEEEEING.
  2699 | D:3      | 2699 ||| FLEEEEING.
  2706 | D:3      | HP: 6/26 [poisoned by a kobold]
  2712 | D:3      | 2712 ||| FLEEEEING.
  2713 | D:3      | 2713 ||| FLEEEEING.
  2745 | D:3      | 2745 ||| FLEEEEING.
  2746 | D:3      | 2746 ||| FLEEEEING.
  2747 | D:3      | 2747 ||| FLEEEEING.
  2748 | D:3      | 2748 ||| FLEEEEING.
  2749 | D:3      | 2749 ||| FLEEEEING.
  2750 | D:3      | 2750 ||| FLEEEEING.
  2751 | D:3      | 2751 ||| FLEEEEING.
  2752 | D:3      | 2752 ||| FLEEEEING.
  2753 | D:3      | 2753 ||| STAIRDANCE
  2970 | D:2      | 2970 ||| UPGRADING to +0 chain mail.
  2980 | D:2      | 2980 ||| DROPPING +0 ring mail.
  2981 | D:2      | 2981 ||| UPGRADING to +0 buckler.
  2986 | D:2      | 2986 ||| UPGRADING to +6 ring of dexterity.
  2987 | D:2      | 2987 ||| READING 2 scrolls labelled NAIJOUVVOTH.
  2988 | D:2      | 2988 ||| READING scroll labelled PEORPH KUER EPE.
  2989 | D:2      | 2989 ||| READING 2 scrolls of identify.
  2989 | D:2      | 2989 ||| IDENTIFYING sedimented clear potion
  2990 | D:2      | 2990 ||| DROPPING scroll of immolation.
  2991 | D:2      | 2991 ||| DROPPING potion of magic.
  3053 | D:3      | 3053 ||| Stepping ~*~*~tactically~*~*~ (stealth).
  3061 | D:3      | Reached skill level 1 in Shields
  3286 | D:4      | Reached skill level 5 in Axes
  3289 | D:4      | 3289 ||| Stepping ~*~*~tactically~*~*~ (hiding).
  3297 | D:4      | Gained mutation: Your magical nature lets you fly swiftly
                  | and evasively. [Tengu growth]
  3297 | D:4      | Reached XP level 5. HP: 29/30 MP: 9/9
  3378 | D:4      | 3378 ||| FLEEEEING.
  3450 | D:4      | Reached skill level 6 in Axes
  3476 | D:4      | 3476 ||| FLEEEEING.
  3612 | D:4      | Slain by a gnoll

Levels and vault maps discovered:
D:1:      sevenhm_arrival_forest_fort_large_4, layout_loops_ring,
          minmay_misc_feat_pillars, minmay_misc_feat_four_crosses
D:2:      layout_rooms, dreamdust_ecumenical_altar_statues
D:3:      layout_basic, nicolae_ru_great_annihilating_truth,
          nicolae_overflow_crystal_walls
D:4:      layout_loops_corners, mainiacjoe_overflow_brackets,
          lemuel_round_altar, fedhas_altar_4,
          mainiacjoe_overflow_small_starburst, minmay_temple_entry_poolview,
          dreamdust_gnoll_farm, uniq_ijyb, uniq_eustachio

Skill      XL: |  1  2  3  4  5 |
---------------+----------------+-----
Axes           | 3 4 5 6 |  6.0
Shields        | 1 |  1.4
Fighting       | |  2.0
Throwing       | |  1.0
Armour         | |  1.1
Dodging        | |  2.1
Spellcasting   | |  2.0
Translocations | |  2.4

Action                   |  1- 3 |  4- 6 || total
-------------------------+-------+-------++-------
Melee: Hand axe          |    74 |    66 ||   140
       Peck              |    11 |    12 ||    23
       Kick              |    16 |    17 ||    33
       Punch             |     1 |       ||     1
Throw: Boomerang         |     7 |       ||     7
  Use: Scroll            |     8 |     3 ||    11
       Potion            |     1 |       ||     1
 Stab: Paralysed         |       |     1 ||     1
Armor: Leather armour    |     5 |       ||     5
       Ring mail         |    10 |    12 ||    22
       Chain mail        |       |    18 ||    18
Dodge: Dodged            |    34 |    21 ||    55
Block: Buckler           |       |     7 ||     7

Table legend:
 A = Non-vault XP
 B = Vault XP
 C = Vault XP percentage of total XP
 D = Non-vault monster count
 E = Vault monster count
 F = Vault count percentage of total count
                 A         B        C        D         E       F
            +---------+---------+-------+---------+---------+-------
      Total |     114 |     156 |  57.8 |      49 |       8 |  14.0
            +---------+---------+-------+---------+---------+-------
        D:1 |      26 |       0 |   0.0 |      14 |       0 |   0.0
        D:2 |      41 |       0 |   0.0 |      17 |       0 |   0.0
        D:3 |      43 |      40 |  48.2 |      16 |       4 |  20.0
        D:4 |       4 |     116 |  96.7 |       2 |       4 |  66.7
            +---------+---------+-------+---------+---------+-------
